cohdb
Replays
Latest Replays
All Replays
Popular Replays
Top Player Replays
Match Explorer
How It Works
Community
CoH3 Stats
Reddit
Sign in to upload your games and track your stats! →
Sign in with Steam
Match 40748077
Unlisted
Match 40748077
Overview
Messages
Build Orders
End
Royal Engineer Section
Construct Section Command Post
Dingo Light Scout Car
Infantry Section
Infantry Section
Construct Field Infirmary
Selects Canadian Shock Battlegroup
Selects Offensive Resupply
Vickers Machine Gun Team
Selects Canadian Shock Section
Grenade Package
Construct Platoon Command Post
Selects Incendiary Munitions
Canadian Shock Section
Selects Pyrotechnics
6-pounder Anti-tank Gun Team
Leorique
REGULATOR
0
0
Comments
sign in to comment!
No comments posted yet!